[ AOE2 MATCH · #509220882 ]
UnrankedMalians vs Vikings
Player's team · LOSS
[ REPLAY ANALYSIS · EXTRACTED FROM THE RECORDED GAME ]
Feudal
8:59
Castle
13:45
Imperial
28:23
| APM avg | 75.5 |
| APM peak | 105 |
| eAPM avg | 38.5 |
| Villagers / military | 141 / 254 |
Focus
⚔️ 30.6% · 🌾 69.4%
Camel Scout ×250 · Trebuchet (Packed) ×3 · Scout Cavalry ×1
Feudal
10:11
Castle
14:52
Imperial
31:20
| APM avg | 26.0 |
| APM peak | 50 |
| eAPM avg | 17.3 |
| Villagers / military | 116 / 187 |
Focus
⚔️ 34.9% · 🌾 65.1%
Archer ×172 · Battering Ram ×15
Feudal
12:13
Castle
16:21
Imperial
—
| APM avg | 41.3 |
| APM peak | 66 |
| eAPM avg | 21.3 |
| Villagers / military | 114 / 109 |
Focus
⚔️ 32.8% · 🌾 67.2%
Archer ×109
Feudal
8:50
Castle
19:27
Imperial
32:34
| APM avg | 32.4 |
| APM peak | 62 |
| eAPM avg | 18.1 |
| Villagers / military | 87 / 124 |
Focus
⚔️ 37.2% · 🌾 62.8%
Archer ×117 · Spearman ×3 · Battering Ram ×2 · Trebuchet (Packed) ×2
Feudal
9:15
Castle
19:00
Imperial
—
| APM avg | 44.5 |
| APM peak | 71 |
| eAPM avg | 28.8 |
| Villagers / military | 202 / 103 |
Focus
⚔️ 23.1% · 🌾 76.9%
Knight ×95 · Fishing Ship ×24 · Scout Cavalry ×8
Feudal
11:21
Castle
14:57
Imperial
30:00
| APM avg | 37.0 |
| APM peak | 70 |
| eAPM avg | 24.2 |
| Villagers / military | 136 / 159 |
Focus
⚔️ 33.7% · 🌾 66.3%
Coustillier ×154 · Trebuchet (Packed) ×5
Feudal
11:49
Castle
17:51
Imperial
30:13
| APM avg | 52.1 |
| APM peak | 78 |
| eAPM avg | 29.9 |
| Villagers / military | 254 / 28 |
Focus
⚔️ 22.6% · 🌾 77.4%
Rattan Archer ×19 · Trebuchet (Packed) ×6 · Mangonel ×3
Feudal
9:38
Castle
14:24
Imperial
29:42
| APM avg | 52.8 |
| APM peak | 91 |
| eAPM avg | 25.3 |
| Villagers / military | 158 / 146 |
Focus
⚔️ 40.0% · 🌾 60.0%
Camel Archer ×145 · Trebuchet (Packed) ×1
Match map
Initial resources + every placement click. Lines = walls · curves = elevation contours. ◆ gold · ⬟ stone · ● berries · ✦ relic · ◌ wall gap
Your base· Open — 12t gap
UBERstrats's base· Open — unwalled flank
ITA | CivettaAviotrasportata's base· Open — unwalled flank
UOMOdelFORMAGGIO's base· Open — 3t gap
ITA | Carma IV's base· Open — unwalled flank
Ux'LeonzAoe's base· Open — unwalled flank
CeCa_Mascherano014's base· Open — 11t gap
SeiyaPegasus's base· Open — 8t gap
Smoothed initial terrain · ◌ = detected wall gap · hover for details
Inputs per minute
— Exe.K>K - - UBERstrats
Build order — Exe.K>K
First 150 of 568 actions detected
| 0:05 | Queue | Villager (Male) |
| 0:07 | Build | House |
| 0:09 | Build | House |
| 0:10 | Queue | Villager (Male) |
| 0:30 | Queue | Villager (Male) |
| 0:48 | Queue | Villager (Male) |
| 1:13 | Research | Loom |
| 1:25 | Queue | Villager (Male) |
| 1:25 | Queue | Villager (Male) |
| 1:25 | Queue | Villager (Male) |
| 1:44 | Queue | Villager (Male) |
| 1:45 | Queue | Villager (Male) |
| 2:29 | Queue | Villager (Male) |
| 2:29 | Queue | Villager (Male) |
| 2:39 | Queue | Villager (Male) |
| 2:39 | Queue | Villager (Male) |
| 2:40 | Queue | Villager (Male) |
| 2:58 | Build | House |
| 3:01 | Queue | Villager (Male) |
| 3:03 | Build | House |
| 3:05 | Queue | Villager (Male) |
| 3:16 | Build | Lumber Camp |
| 3:24 | Build | House |
| 3:42 | Queue | Villager (Male) |
| 3:55 | Queue | Villager (Male) |
| 4:07 | Build | Lumber Camp |
| 4:19 | Queue | Villager (Male) |
| 4:19 | Queue | Villager (Male) |
| 4:20 | Queue | Villager (Male) |
| 4:31 | Queue | Villager (Male) |
| 4:38 | Queue | Villager (Male) |
| 5:07 | Queue | Villager (Male) |
| 5:12 | Build | Mill |
| 5:21 | Queue | Villager (Male) |
| 5:43 | Queue | Villager (Male) |
| 5:50 | Queue | Villager (Male) |
| 5:58 | Build | House |
| 5:59 | Build | House |
| 6:01 | Queue | Villager (Male) |
| 6:08 | Queue | Villager (Male) |
| 6:19 | Queue | Villager (Male) |
| 6:36 | Queue | Villager (Male) |
| 6:49 | Research | Feudal Age |
| 6:49 | Research | Feudal Age |
| 6:56 | Build | Mill |
| 7:05 | Queue | Villager (Male) |
| 7:05 | Queue | Villager (Male) |
| 7:06 | Queue | Villager (Male) |
| 7:10 | Build | House |
| 7:18 | Build | Mining Camp |
| 7:22 | Queue | Villager (Male) |
| 7:44 | Queue | Villager (Male) |
| 7:51 | Queue | Villager (Male) |
| 8:24 | Queue | Villager (Male) |
| 8:34 | Build | Barracks |
| 8:42 | Queue | Villager (Male) |
| 8:59 | Age | Feudal Age |
| 9:13 | Queue | Villager (Male) |
| 9:29 | Queue | Villager (Male) |
| 9:45 | Build | Stable |
| 9:51 | Queue | Villager (Male) |
| 10:02 | Queue | Villager (Male) |
| 10:25 | Queue | Villager (Male) |
| 10:31 | Build | Blacksmith |
| 10:38 | Queue | Villager (Male) |
| 10:41 | Queue | Scout Cavalry |
| 10:45 | Research | Double-Bit Axe |
| 10:46 | Research | Double-Bit Axe |
| 10:59 | Build | House |
| 11:01 | Build | Palisade Wall |
| 11:05 | Research | Castle Age |
| 11:06 | Queue | Villager (Male) |
| 11:25 | Queue | Villager (Male) |
| 11:55 | Research | Gold Mining |
| 11:55 | Research | Gold Mining |
| 12:05 | Build | Mill |
| 12:07 | Build | Market |
| 12:33 | Queue | Villager (Male) |
| 12:34 | Queue | Villager (Male) |
| 12:41 | Build | Mining Camp |
| 12:47 | Queue | Villager (Male) |
| 12:55 | Build | Palisade Wall |
| 13:08 | Research | Horse Collar |
| 13:08 | Research | Horse Collar |
| 13:18 | Research | Bloodlines |
| 13:18 | Research | Bloodlines |
| 13:21 | Queue | Villager (Male) |
| 13:45 | Age | Castle Age |
| 13:52 | Queue | Camel Scout |
| 13:52 | Queue | Camel Scout |
| 13:56 | Queue | Villager (Male) |
| 14:00 | Build | Farm |
| 14:01 | Build | Farm |
| 14:01 | Build | Farm |
| 14:03 | Build | House |
| 14:14 | Queue | Villager (Male) |
| 14:20 | Build | House |
| 14:22 | Build | House |
| 14:24 | Build | Palisade Wall |
| 14:28 | Build | Palisade Wall |
| 14:30 | Build | Palisade Wall |
| 14:31 | Build | Palisade Wall |
| 14:35 | Queue | Villager (Male) |
| 14:37 | Queue | Villager (Male) |
| 14:46 | Queue | Villager (Male) |
| 14:54 | Queue | Villager (Male) |
| 14:55 | Queue | Villager (Male) |
| 14:57 | Research | Scale Barding Armor |
| 14:57 | Research | Scale Barding Armor |
| 15:00 | Build | Farm |
| 15:01 | Build | Farm |
| 15:02 | Build | Farm |
| 15:11 | Build | Stable |
| 15:15 | Queue | Camel Scout |
| 15:16 | Queue | Villager (Male) |
| 15:19 | Research | Forging |
| 15:25 | Queue | Villager (Male) |
| 15:33 | Build | Farm |
| 15:34 | Build | Farm |
| 15:37 | Build | Farm |
| 15:40 | Queue | Villager (Male) |
| 15:48 | Build | House |
| 15:51 | Build | Palisade Wall |
| 15:54 | Queue | Villager (Male) |
| 15:57 | Research | Husbandry |
| 15:58 | Research | Husbandry |
| 15:58 | Queue | Villager (Male) |
| 16:03 | Build | Farm |
| 16:05 | Build | Farm |
| 16:06 | Build | Farm |
| 16:16 | Queue | Camel Scout |
| 16:19 | Queue | Villager (Male) |
| 16:25 | Build | Farm |
| 16:27 | Build | Farm |
| 16:36 | Build | Castle |
| 16:49 | Queue | Camel Scout |
| 16:49 | Queue | Camel Scout |
| 16:51 | Queue | Villager (Male) |
| 16:52 | Queue | Villager (Male) |
| 16:55 | Build | Farm |
| 16:57 | Build | Farm |
| 17:07 | Queue | Villager (Male) |
| 17:08 | Queue | Villager (Male) |
| 17:13 | Queue | Villager (Male) |
| 17:16 | Build | Farm |
| 17:21 | Queue | Villager (Male) |
| 17:27 | Build | Town Center |
| 17:37 | Research | Chain Barding Armor |
| 17:37 | Research | Chain Barding Armor |
| 17:37 | Queue | Villager (Male) |
Build order — UBERstrats
First 150 of 352 actions detected
| 0:08 | Build | House |
| 0:10 | Build | House |
| 0:11 | Queue | Villager (Male) ×4 |
| 0:17 | Build | House |
| 0:19 | Build | House |
| 1:02 | Research | Loom |
| 1:34 | Queue | Villager (Male) |
| 1:52 | Queue | Villager (Male) |
| 1:52 | Queue | Villager (Male) |
| 2:12 | Queue | Villager (Male) |
| 2:12 | Queue | Villager (Male) |
| 2:12 | Queue | Villager (Male) |
| 2:40 | Queue | Villager (Male) |
| 2:40 | Queue | Villager (Male) |
| 2:41 | Queue | Villager (Male) |
| 3:09 | Queue | Villager (Male) |
| 3:09 | Queue | Villager (Male) |
| 3:31 | Queue | Villager (Male) |
| 3:31 | Queue | Villager (Male) |
| 3:47 | Queue | Villager (Male) |
| 3:48 | Queue | Villager (Male) |
| 3:48 | Queue | Villager (Male) |
| 3:54 | Queue | Villager (Male) |
| 4:09 | Queue | Villager (Male) |
| 4:42 | Queue | Villager (Male) |
| 4:42 | Queue | Villager (Male) |
| 4:42 | Queue | Villager (Male) |
| 4:43 | Queue | Villager (Male) |
| 4:43 | Queue | Villager (Male) |
| 4:44 | Build | Lumber Camp |
| 5:37 | Build | House |
| 5:42 | Queue | Villager (Male) |
| 5:43 | Queue | Villager (Male) |
| 5:43 | Queue | Villager (Male) |
| 6:05 | Queue | Villager (Male) |
| 6:05 | Queue | Villager (Male) |
| 6:16 | Queue | Villager (Male) |
| 6:17 | Queue | Villager (Male) |
| 6:17 | Queue | Villager (Male) |
| 6:24 | Build | House |
| 7:18 | Build | Mining Camp |
| 7:23 | Queue | Villager (Male) |
| 7:23 | Queue | Villager (Male) |
| 7:25 | Build | House |
| 7:44 | Research | Feudal Age |
| 7:56 | Build | House |
| 7:56 | Queue | Villager (Male) |
| 8:07 | Build | Lumber Camp |
| 8:17 | Build | Palisade Wall |
| 8:29 | Queue | Villager (Male) |
| 8:30 | Queue | Villager (Male) |
| 9:05 | Queue | Villager (Male) |
| 9:22 | Queue | Villager (Male) |
| 9:22 | Queue | Villager (Male) |
| 9:25 | Build | Palisade Gate |
| 9:30 | Build | Palisade Wall |
| 10:11 | Age | Feudal Age |
| 10:23 | Build | Mill |
| 10:26 | Queue | Villager (Male) |
| 10:26 | Queue | Villager (Male) |
| 10:27 | Queue | Villager (Male) |
| 10:27 | Research | Double-Bit Axe |
| 10:44 | Queue | Villager (Male) |
| 10:45 | Queue | Villager (Male) |
| 10:56 | Build | House |
| 10:59 | Build | Market |
| 11:06 | Build | Blacksmith |
| 11:17 | Queue | Villager (Male) |
| 11:29 | Queue | Villager (Male) |
| 11:29 | Queue | Villager (Male) |
| 11:34 | Build | Barracks |
| 11:59 | Build | House |
| 12:00 | Build | House |
| 12:12 | Research | Castle Age |
| 12:26 | Build | Archery Range |
| 12:28 | Build | Archery Range |
| 12:33 | Queue | Villager (Male) |
| 12:34 | Queue | Villager (Male) |
| 12:37 | Build | Palisade Wall |
| 12:40 | Build | Palisade Wall |
| 12:42 | Build | Palisade Wall |
| 12:44 | Build | Palisade Wall |
| 12:50 | Queue | Villager (Male) |
| 12:52 | Build | Palisade Wall |
| 12:54 | Build | Palisade Wall |
| 12:56 | Build | Palisade Wall |
| 12:58 | Build | Palisade Wall |
| 13:03 | Queue | Villager (Male) |
| 13:05 | Build | House |
| 13:06 | Build | House |
| 13:25 | Queue | Archer |
| 13:25 | Queue | Archer |
| 13:41 | Build | Mining Camp |
| 13:53 | Queue | Villager (Male) |
| 13:53 | Queue | Villager (Male) |
| 13:59 | Build | Watch Tower |
| 14:05 | Build | Gate |
| 14:11 | Queue | Villager (Male) |
| 14:12 | Queue | Villager (Male) |
| 14:16 | Queue | Archer |
| 14:16 | Queue | Archer |
| 14:19 | Research | Fletching |
| 14:38 | Build | Stone Wall |
| 14:45 | Queue | Archer |
| 14:45 | Queue | Archer |
| 14:52 | Age | Castle Age |
| 15:00 | Queue | Villager (Male) |
| 15:00 | Queue | Villager (Male) |
| 15:04 | Build | Town Center |
| 15:27 | Build | Mining Camp |
| 15:30 | Build | Mining Camp |
| 15:35 | Build | Archery Range |
| 15:37 | Build | Archery Range |
| 15:43 | Queue | Archer |
| 15:43 | Queue | Archer |
| 15:45 | Queue | Villager (Male) |
| 15:46 | Queue | Villager (Male) |
| 16:06 | Research | Bodkin Arrow |
| 16:17 | Queue | Archer |
| 17:05 | Queue | Villager (Male) |
| 17:06 | Queue | Villager (Male) |
| 17:17 | Research | Crossbowman (upgrade) |
| 17:26 | Queue | Archer |
| 17:26 | Queue | Archer |
| 17:26 | Queue | Archer |
| 17:27 | Queue | Archer |
| 17:34 | Queue | Archer |
| 17:35 | Queue | Archer |
| 17:37 | Build | Archery Range |
| 17:39 | Research | Gold Mining |
| 17:51 | Queue | Archer |
| 17:51 | Queue | Archer |
| 17:51 | Queue | Archer |
| 18:06 | Build | House |
| 18:09 | Build | House |
| 18:09 | Build | House |
| 18:10 | Build | House |
| 18:18 | Queue | Archer |
| 18:18 | Queue | Archer |
| 18:19 | Queue | Archer |
| 18:19 | Queue | Archer |
| 18:19 | Queue | Archer |
| 18:21 | Queue | Archer |
| 18:21 | Queue | Archer |
| 18:23 | Build | House |
| 18:24 | Build | House |
| 18:32 | Queue | Archer |
| 18:32 | Queue | Archer |
| 18:34 | Queue | Villager (Male) |
| 18:36 | Build | House |
Build order — ITA | CivettaAviotrasportata
First 150 of 323 actions detected
| 0:17 | Queue | Villager (Male) |
| 0:17 | Queue | Villager (Male) |
| 0:17 | Queue | Villager (Male) |
| 0:17 | Queue | Villager (Male) |
| 0:20 | Build | House |
| 0:22 | Build | House |
| 0:57 | Build | Mill |
| 1:54 | Research | Loom |
| 1:58 | Queue | Villager (Male) |
| 1:58 | Queue | Villager (Male) |
| 2:47 | Queue | Villager (Male) |
| 2:48 | Queue | Villager (Male) |
| 3:08 | Queue | Villager (Male) |
| 3:08 | Queue | Villager (Male) |
| 3:32 | Queue | Villager (Male) |
| 3:33 | Queue | Villager (Male) |
| 3:44 | Build | Mill |
| 4:00 | Queue | Villager (Male) |
| 4:01 | Queue | Villager (Male) |
| 4:31 | Queue | Villager (Male) |
| 4:31 | Queue | Villager (Male) |
| 5:00 | Queue | Villager (Male) |
| 5:00 | Queue | Villager (Male) |
| 5:34 | Build | Lumber Camp |
| 5:35 | Queue | Villager (Male) |
| 5:35 | Queue | Villager (Male) |
| 5:35 | Queue | Villager (Male) |
| 5:57 | Queue | Villager (Male) |
| 5:57 | Queue | Villager (Male) |
| 6:15 | Queue | Villager (Male) |
| 6:21 | Build | House |
| 6:23 | Build | House |
| 6:31 | Queue | Villager (Male) |
| 6:31 | Queue | Villager (Male) |
| 7:02 | Queue | Villager (Male) |
| 7:09 | Build | House |
| 7:13 | Build | Palisade Gate |
| 7:17 | Build | House |
| 7:19 | Build | House |
| 7:24 | Build | Palisade Wall |
| 7:27 | Queue | Villager (Male) |
| 7:28 | Queue | Villager (Male) |
| 7:30 | Queue | Villager (Male) |
| 7:58 | Build | Mining Camp |
| 8:02 | Queue | Villager (Male) |
| 8:11 | Queue | Villager (Male) |
| 8:11 | Queue | Villager (Male) |
| 8:35 | Queue | Villager (Male) |
| 8:36 | Queue | Villager (Male) |
| 8:39 | Queue | Villager (Male) |
| 8:50 | Queue | Villager (Male) |
| 9:07 | Build | Barracks |
| 9:20 | Queue | Villager (Male) |
| 9:20 | Queue | Villager (Male) |
| 10:03 | Research | Feudal Age |
| 10:25 | Build | Mining Camp |
| 10:35 | Queue | Villager (Male) |
| 10:35 | Queue | Villager (Male) |
| 11:10 | Queue | Villager (Male) |
| 11:10 | Queue | Villager (Male) |
| 12:07 | Queue | Villager (Male) |
| 12:07 | Queue | Villager (Male) |
| 12:13 | Age | Feudal Age |
| 12:17 | Build | Archery Range |
| 12:21 | Build | Archery Range |
| 12:22 | Queue | Villager (Male) |
| 12:28 | Research | Double-Bit Axe |
| 12:33 | Queue | Villager (Male) |
| 12:47 | Queue | Villager (Male) |
| 12:55 | Build | Blacksmith |
| 12:57 | Build | House |
| 13:01 | Build | House |
| 13:20 | Build | Mill |
| 13:29 | Queue | Villager (Male) |
| 13:41 | Research | Castle Age |
| 13:41 | Research | Castle Age |
| 13:44 | Queue | Archer |
| 13:44 | Queue | Archer |
| 13:52 | Queue | Archer |
| 13:52 | Queue | Archer |
| 14:09 | Research | Fletching |
| 14:10 | Queue | Archer |
| 14:11 | Queue | Villager (Male) |
| 14:11 | Queue | Villager (Male) |
| 14:30 | Queue | Archer |
| 14:30 | Queue | Archer |
| 14:35 | Research | Padded Archer Armor |
| 14:49 | Research | Gold Mining |
| 14:49 | Research | Gold Mining |
| 14:59 | Queue | Archer |
| 14:59 | Queue | Archer |
| 15:13 | Queue | Archer |
| 15:14 | Queue | Archer |
| 15:30 | Build | Farm |
| 15:32 | Research | Horse Collar |
| 15:39 | Queue | Archer |
| 15:52 | Queue | Archer |
| 15:54 | Build | Archery Range |
| 16:21 | Age | Castle Age |
| 16:25 | Research | Crossbowman (upgrade) |
| 16:25 | Queue | Archer |
| 16:25 | Queue | Archer |
| 16:36 | Build | Monastery |
| 16:41 | Build | Market |
| 16:50 | Queue | Archer |
| 16:50 | Queue | Archer |
| 17:13 | Queue | Archer |
| 17:14 | Queue | Archer |
| 17:28 | Queue | Archer |
| 17:36 | Queue | Archer |
| 17:36 | Queue | Archer |
| 17:44 | Queue | Archer |
| 17:45 | Queue | Archer |
| 17:48 | Build | Farm |
| 17:48 | Build | Farm |
| 17:49 | Build | Farm |
| 17:49 | Build | Farm |
| 17:49 | Build | Farm |
| 18:03 | Research | Bodkin Arrow |
| 18:13 | Build | Watch Tower |
| 18:26 | Queue | Villager (Male) |
| 18:29 | Queue | Archer |
| 18:29 | Queue | Archer |
| 18:36 | Research | Leather Archer Armor |
| 18:37 | Queue | Archer |
| 18:37 | Queue | Archer |
| 18:41 | Build | University |
| 18:48 | Queue | Archer |
| 18:48 | Queue | Archer |
| 18:56 | Queue | Villager (Male) |
| 18:56 | Queue | Villager (Male) |
| 19:07 | Queue | Archer |
| 19:07 | Queue | Archer |
| 19:34 | Queue | Archer |
| 19:34 | Queue | Archer |
| 19:34 | Queue | Archer |
| 19:37 | Build | House |
| 19:38 | Build | House |
| 19:38 | Build | House |
| 19:39 | Build | House |
| 19:48 | Queue | Archer |
| 19:48 | Queue | Archer |
| 20:04 | Build | Watch Tower |
| 20:18 | Queue | Archer |
| 20:18 | Queue | Archer |
| 20:23 | Research | Town Watch |
| 21:03 | Research | Bow Saw |
| 21:03 | Queue | Villager (Male) |
| 21:04 | Queue | Villager (Male) |
| 21:19 | Queue | Villager (Male) |
Build order — UOMOdelFORMAGGIO
First 150 of 314 actions detected
| 0:15 | Build | House |
| 0:17 | Build | House |
| 0:19 | Queue | Villager (Male) |
| 0:19 | Queue | Villager (Male) |
| 0:26 | Build | House |
| 0:30 | Queue | Villager (Male) |
| 0:30 | Queue | Villager (Male) |
| 1:35 | Queue | Villager (Male) |
| 1:35 | Queue | Villager (Male) |
| 2:26 | Queue | Villager (Male) |
| 2:50 | Queue | Villager (Male) |
| 2:50 | Queue | Villager (Male) |
| 2:50 | Queue | Villager (Male) |
| 2:50 | Queue | Villager (Male) |
| 3:34 | Queue | Villager (Male) |
| 3:35 | Queue | Villager (Male) |
| 3:35 | Queue | Villager (Male) |
| 3:48 | Research | Loom |
| 4:10 | Queue | Villager (Male) |
| 4:11 | Queue | Villager (Male) |
| 4:12 | Queue | Villager (Male) |
| 4:12 | Queue | Villager (Male) |
| 4:13 | Queue | Villager (Male) |
| 4:18 | Build | Lumber Camp |
| 4:22 | Queue | Villager (Male) |
| 4:23 | Queue | Villager (Male) |
| 4:23 | Queue | Villager (Male) |
| 4:31 | Build | House |
| 4:53 | Build | House |
| 5:58 | Queue | Villager (Male) |
| 6:06 | Build | Mill |
| 6:40 | Research | Feudal Age |
| 7:03 | Build | Mining Camp |
| 7:16 | Build | Palisade Wall |
| 7:21 | Build | Palisade Gate |
| 7:24 | Build | Palisade Wall |
| 7:26 | Build | Palisade Wall |
| 8:01 | Build | Barracks |
| 8:22 | Build | House |
| 8:28 | Queue | Villager (Male) |
| 8:50 | Queue | Villager (Male) |
| 8:50 | Age | Feudal Age |
| 8:54 | Queue | Spearman |
| 8:54 | Queue | Spearman |
| 8:56 | Queue | Villager (Male) |
| 9:07 | Queue | Villager (Male) |
| 9:33 | Queue | Villager (Male) |
| 9:39 | Build | Archery Range |
| 9:45 | Queue | Villager (Male) |
| 9:53 | Queue | Villager (Male) |
| 10:08 | Build | House |
| 10:12 | Research | Double-Bit Axe |
| 10:17 | Build | House |
| 10:27 | Queue | Archer |
| 10:36 | Queue | Spearman |
| 10:40 | Queue | Villager (Male) |
| 10:46 | Queue | Villager (Male) |
| 11:01 | Build | Archery Range |
| 11:05 | Queue | Villager (Male) |
| 11:15 | Build | Palisade Wall |
| 11:23 | Build | Palisade Wall |
| 11:41 | Queue | Villager (Male) |
| 11:48 | Queue | Archer |
| 11:56 | Queue | Villager (Male) |
| 12:07 | Build | Blacksmith |
| 12:07 | Queue | Villager (Male) |
| 12:17 | Queue | Villager (Male) |
| 12:21 | Queue | Villager (Male) |
| 12:27 | Queue | Archer |
| 12:27 | Queue | Archer |
| 12:42 | Build | House |
| 13:03 | Research | Fletching |
| 13:06 | Queue | Archer |
| 13:06 | Queue | Archer |
| 13:07 | Queue | Villager (Male) |
| 13:10 | Queue | Villager (Male) |
| 13:18 | Build | House |
| 13:22 | Build | House |
| 13:27 | Queue | Archer |
| 13:28 | Queue | Archer |
| 13:57 | Queue | Villager (Male) |
| 13:59 | Build | Mill |
| 14:03 | Queue | Villager (Male) |
| 14:10 | Queue | Archer |
| 14:10 | Queue | Archer |
| 14:17 | Build | House |
| 14:21 | Queue | Archer |
| 14:21 | Queue | Archer |
| 14:29 | Queue | Villager (Male) |
| 14:32 | Queue | Villager (Male) |
| 14:40 | Queue | Villager (Male) |
| 15:03 | Queue | Villager (Male) |
| 15:05 | Queue | Villager (Male) |
| 15:16 | Queue | Villager (Male) |
| 15:19 | Build | House |
| 15:27 | Build | Market |
| 15:30 | Queue | Villager (Male) |
| 15:45 | Queue | Archer |
| 15:48 | Build | House |
| 15:50 | Build | House |
| 16:12 | Queue | Archer |
| 16:13 | Queue | Archer |
| 16:23 | Queue | Archer |
| 16:25 | Queue | Villager (Male) |
| 16:39 | Build | Archery Range |
| 16:47 | Research | Castle Age |
| 16:53 | Queue | Archer |
| 16:54 | Queue | Archer |
| 17:17 | Build | Mining Camp |
| 17:35 | Queue | Archer |
| 17:35 | Queue | Archer |
| 17:49 | Queue | Archer |
| 17:49 | Queue | Archer |
| 17:50 | Queue | Archer |
| 17:58 | Build | Outpost |
| 18:03 | Research | Gold Mining |
| 18:06 | Research | Padded Archer Armor |
| 18:08 | Build | House |
| 18:17 | Build | Palisade Gate |
| 18:22 | Queue | Archer |
| 18:22 | Queue | Archer |
| 19:00 | Queue | Archer |
| 19:00 | Queue | Archer |
| 19:00 | Queue | Archer |
| 19:01 | Queue | Archer |
| 19:01 | Queue | Archer |
| 19:02 | Queue | Villager (Male) |
| 19:23 | Queue | Archer |
| 19:24 | Queue | Archer |
| 19:27 | Age | Castle Age |
| 19:44 | Build | Siege Workshop |
| 19:46 | Build | Siege Workshop |
| 19:49 | Queue | Villager (Male) |
| 20:17 | Queue | Battering Ram |
| 20:19 | Queue | Villager (Male) |
| 20:28 | Research | Crossbowman (upgrade) |
| 20:49 | Build | Watch Tower |
| 20:54 | Queue | Archer |
| 21:00 | Research | Bodkin Arrow |
| 21:21 | Queue | Archer |
| 21:21 | Queue | Archer |
| 21:21 | Queue | Archer |
| 21:21 | Queue | Archer |
| 21:23 | Queue | Villager (Male) |
| 21:23 | Queue | Villager (Male) |
| 21:23 | Queue | Villager (Male) |
| 21:33 | Research | Wheelbarrow |
| 21:38 | Build | House |
| 21:41 | Build | House |
| 21:43 | Queue | Battering Ram |
Build order — ITA | Carma IV
First 150 of 468 actions detected
| 0:10 | Queue | Villager (Male) |
| 0:11 | Queue | Villager (Male) |
| 0:11 | Queue | Villager (Male) |
| 0:11 | Queue | Villager (Male) |
| 0:12 | Queue | Villager (Male) |
| 0:13 | Build | House |
| 0:15 | Build | House |
| 0:32 | Queue | Villager (Male) |
| 0:32 | Queue | Villager (Male) |
| 0:33 | Queue | Villager (Male) |
| 1:14 | Research | Loom |
| 1:22 | Queue | Villager (Male) |
| 1:22 | Queue | Villager (Male) |
| 1:54 | Queue | Villager (Male) |
| 1:54 | Queue | Villager (Male) |
| 2:20 | Queue | Villager (Male) |
| 2:21 | Queue | Villager (Male) |
| 2:31 | Queue | Villager (Male) |
| 2:31 | Queue | Villager (Male) |
| 2:39 | Build | House |
| 2:49 | Queue | Villager (Male) |
| 2:49 | Queue | Villager (Male) |
| 2:49 | Queue | Villager (Male) |
| 3:08 | Queue | Villager (Male) |
| 3:09 | Queue | Villager (Male) |
| 3:36 | Queue | Villager (Male) |
| 3:36 | Queue | Villager (Male) |
| 3:50 | Queue | Villager (Male) |
| 3:51 | Queue | Villager (Male) |
| 4:13 | Build | House |
| 4:29 | Queue | Villager (Male) |
| 4:46 | Queue | Villager (Male) |
| 4:46 | Queue | Villager (Male) |
| 4:48 | Queue | Villager (Male) |
| 4:55 | Queue | Villager (Male) |
| 4:56 | Queue | Villager (Male) |
| 4:56 | Queue | Villager (Male) |
| 4:56 | Queue | Villager (Male) |
| 5:22 | Queue | Villager (Male) |
| 5:31 | Build | Lumber Camp |
| 5:34 | Queue | Villager (Male) |
| 5:51 | Queue | Villager (Male) |
| 6:20 | Queue | Villager (Male) |
| 6:26 | Build | Mill |
| 6:38 | Queue | Villager (Male) |
| 6:39 | Build | House |
| 6:45 | Queue | Villager (Male) |
| 7:05 | Research | Feudal Age |
| 7:26 | Queue | Villager (Male) |
| 7:33 | Queue | Villager (Male) |
| 8:02 | Queue | Villager (Male) |
| 8:26 | Queue | Villager (Male) |
| 8:31 | Build | Barracks |
| 8:49 | Queue | Villager (Male) |
| 8:54 | Build | House |
| 8:55 | Build | House |
| 8:55 | Build | House |
| 9:15 | Age | Feudal Age |
| 9:19 | Queue | Villager (Male) |
| 9:22 | Build | Stable |
| 9:27 | Research | Double-Bit Axe |
| 9:33 | Queue | Villager (Male) |
| 9:47 | Queue | Villager (Male) |
| 10:02 | Queue | Villager (Male) |
| 10:03 | Queue | Scout Cavalry |
| 10:06 | Build | Stable |
| 10:12 | Queue | Scout Cavalry |
| 10:14 | Queue | Villager (Male) |
| 10:24 | Queue | Villager (Male) |
| 10:30 | Build | Blacksmith |
| 10:34 | Queue | Scout Cavalry |
| 10:35 | Queue | Villager (Male) |
| 10:37 | Queue | Villager (Male) |
| 10:49 | Queue | Villager (Male) |
| 10:50 | Queue | Scout Cavalry |
| 11:02 | Research | Scale Barding Armor |
| 11:08 | Queue | Villager (Male) |
| 11:17 | Build | Mill |
| 11:23 | Queue | Villager (Male) |
| 11:26 | Queue | Scout Cavalry |
| 11:32 | Build | House |
| 11:45 | Queue | Scout Cavalry |
| 11:46 | Queue | Villager (Male) |
| 11:49 | Build | House |
| 11:50 | Build | House |
| 11:50 | Build | House |
| 11:51 | Build | House |
| 12:04 | Queue | Scout Cavalry |
| 12:16 | Queue | Villager (Male) |
| 12:25 | Queue | Scout Cavalry |
| 12:26 | Queue | Villager (Male) |
| 12:37 | Queue | Villager (Male) |
| 12:42 | Build | Mill |
| 12:49 | Queue | Villager (Male) |
| 12:55 | Build | Farm |
| 12:55 | Build | Farm |
| 12:56 | Build | Farm |
| 12:56 | Build | Farm |
| 12:56 | Build | Farm |
| 12:56 | Build | Farm |
| 12:57 | Build | Farm |
| 12:59 | Queue | Villager (Male) |
| 13:00 | Build | Farm |
| 13:01 | Build | Farm |
| 13:01 | Build | Farm |
| 13:01 | Build | Farm |
| 13:02 | Build | Farm |
| 13:02 | Build | Farm |
| 13:02 | Build | Farm |
| 13:02 | Build | Farm |
| 13:03 | Build | Farm |
| 13:03 | Build | Farm |
| 13:09 | Queue | Villager (Male) |
| 13:21 | Queue | Villager (Male) |
| 13:27 | Build | Mining Camp |
| 13:34 | Queue | Villager (Male) |
| 13:36 | Build | Farm |
| 13:37 | Build | Farm |
| 13:37 | Build | Farm |
| 13:37 | Build | Farm |
| 13:48 | Queue | Villager (Male) |
| 13:56 | Build | Farm |
| 13:57 | Build | Farm |
| 13:58 | Build | Farm |
| 13:58 | Build | Farm |
| 14:07 | Queue | Villager (Male) |
| 14:34 | Queue | Villager (Male) |
| 14:50 | Queue | Villager (Male) |
| 14:54 | Queue | Villager (Male) |
| 15:02 | Build | House |
| 15:13 | Queue | Villager (Male) |
| 15:15 | Build | Farm |
| 15:15 | Build | Farm |
| 15:16 | Build | Farm |
| 15:20 | Research | Bloodlines |
| 15:30 | Queue | Villager (Male) |
| 15:34 | Queue | Villager (Male) |
| 15:47 | Queue | Villager (Male) |
| 15:59 | Build | Mill |
| 16:03 | Queue | Villager (Male) |
| 16:12 | Build | Mining Camp |
| 16:18 | Research | Castle Age |
| 16:26 | Build | Farm |
| 16:34 | Research | Gold Mining |
| 16:38 | Queue | Villager (Male) |
| 16:47 | Queue | Villager (Male) |
| 16:58 | Queue | Villager (Male) |
| 17:02 | Build | Mining Camp |
| 17:07 | Queue | Villager (Male) |
| 17:26 | Queue | Villager (Male) |
Build order — Ux'LeonzAoe
First 150 of 494 actions detected
| 0:15 | Queue | Villager (Male) ×4 |
| 0:28 | Build | House |
| 0:30 | Build | House |
| 0:53 | Queue | Villager (Male) |
| 0:53 | Queue | Villager (Male) |
| 1:35 | Queue | Villager (Male) |
| 1:36 | Research | Loom |
| 2:07 | Queue | Villager (Male) |
| 2:07 | Queue | Villager (Male) |
| 2:18 | Queue | Villager (Male) |
| 2:18 | Queue | Villager (Male) |
| 2:21 | Queue | Villager (Male) |
| 2:41 | Queue | Villager (Male) |
| 2:41 | Queue | Villager (Male) |
| 3:00 | Queue | Villager (Male) |
| 3:01 | Queue | Villager (Male) |
| 3:01 | Queue | Villager (Male) |
| 3:35 | Queue | Villager (Male) |
| 3:35 | Queue | Villager (Male) |
| 3:49 | Queue | Villager (Male) |
| 3:49 | Queue | Villager (Male) |
| 3:49 | Queue | Villager (Male) |
| 3:53 | Build | House |
| 3:57 | Build | Lumber Camp |
| 4:10 | Queue | Villager (Male) |
| 4:10 | Queue | Villager (Male) |
| 4:10 | Queue | Villager (Male) |
| 4:11 | Queue | Villager (Male) |
| 4:43 | Queue | Villager (Male) |
| 4:43 | Queue | Villager (Male) |
| 4:54 | Build | House |
| 5:03 | Queue | Villager (Male) |
| 5:03 | Queue | Villager (Male) |
| 5:03 | Queue | Villager (Male) |
| 5:38 | Research | Double-Bit Axe |
| 5:39 | Queue | Villager (Male) |
| 6:03 | Queue | Villager (Male) |
| 6:04 | Queue | Villager (Male) |
| 6:04 | Queue | Villager (Male) |
| 6:09 | Build | House |
| 6:24 | Queue | Villager (Male) |
| 6:24 | Queue | Villager (Male) |
| 6:25 | Queue | Villager (Male) |
| 6:43 | Queue | Villager (Male) |
| 6:43 | Queue | Villager (Male) |
| 7:11 | Build | Mill |
| 7:44 | Research | Wheelbarrow |
| 7:51 | Build | House |
| 8:15 | Queue | Villager (Male) |
| 8:16 | Queue | Villager (Male) |
| 8:30 | Research | Feudal Age |
| 8:40 | Build | Mining Camp |
| 9:33 | Queue | Villager (Male) |
| 9:33 | Queue | Villager (Male) |
| 9:34 | Queue | Villager (Male) |
| 9:37 | Build | House |
| 9:38 | Build | House |
| 9:42 | Build | Mining Camp |
| 9:52 | Build | Palisade Gate |
| 9:53 | Build | Palisade Wall |
| 9:54 | Build | Palisade Wall |
| 9:55 | Build | Palisade Wall |
| 9:58 | Build | Palisade Wall |
| 10:31 | Research | Gold Mining |
| 10:37 | Research | Stone Mining |
| 10:45 | Queue | Villager (Male) |
| 11:21 | Age | Feudal Age |
| 11:24 | Queue | Villager (Male) |
| 11:24 | Queue | Villager (Male) |
| 11:28 | Build | Market |
| 11:32 | Build | Blacksmith |
| 11:46 | Queue | Villager (Male) |
| 11:46 | Queue | Villager (Male) |
| 12:05 | Research | Bow Saw |
| 12:17 | Research | Castle Age |
| 13:05 | Research | Forging |
| 14:31 | Queue | Villager (Male) |
| 14:31 | Queue | Villager (Male) |
| 14:57 | Age | Castle Age |
| 15:20 | Build | Castle |
| 15:35 | Build | Town Center |
| 15:43 | Queue | Villager (Male) |
| 15:44 | Queue | Villager (Male) |
| 16:08 | Queue | Villager (Male) |
| 16:09 | Queue | Villager (Male) |
| 16:09 | Queue | Villager (Male) |
| 16:09 | Queue | Villager (Male) |
| 16:09 | Queue | Villager (Male) |
| 16:10 | Queue | Villager (Male) |
| 16:10 | Queue | Villager (Male) |
| 16:10 | Queue | Villager (Male) |
| 16:11 | Queue | Villager (Male) |
| 16:11 | Queue | Villager (Male) |
| 16:14 | Research | Horse Collar |
| 16:28 | Build | Farm |
| 16:28 | Build | Farm |
| 16:28 | Build | Farm |
| 16:29 | Build | Farm |
| 16:29 | Build | Farm |
| 16:29 | Build | Farm |
| 16:29 | Build | Farm |
| 16:30 | Build | Farm |
| 16:40 | Queue | Coustillier |
| 16:40 | Queue | Coustillier |
| 16:48 | Build | University |
| 16:55 | Build | Monastery |
| 17:02 | Queue | Coustillier |
| 17:09 | Queue | Villager (Male) |
| 17:10 | Queue | Villager (Male) |
| 17:24 | Build | Town Center |
| 17:33 | Build | Farm |
| 17:33 | Build | Farm |
| 17:33 | Build | Farm |
| 17:33 | Build | Farm |
| 17:34 | Build | Farm |
| 17:34 | Build | Farm |
| 17:34 | Build | Farm |
| 17:34 | Build | Farm |
| 17:35 | Build | Farm |
| 17:57 | Build | Barracks |
| 18:00 | Queue | Villager (Male) |
| 18:00 | Queue | Villager (Male) |
| 18:00 | Queue | Villager (Male) |
| 18:01 | Queue | Villager (Male) |
| 18:01 | Queue | Villager (Male) |
| 18:01 | Queue | Villager (Male) |
| 18:07 | Build | Farm |
| 18:12 | Build | Farm |
| 18:23 | Queue | Villager (Male) |
| 18:28 | Research | Heavy Plow |
| 18:30 | Queue | Villager (Male) |
| 18:31 | Queue | Villager (Male) |
| 18:31 | Queue | Villager (Male) |
| 18:31 | Queue | Villager (Male) |
| 18:31 | Queue | Villager (Male) |
| 18:36 | Queue | Villager (Male) |
| 18:53 | Build | Stable |
| 18:57 | Build | Farm |
| 19:01 | Queue | Villager (Male) |
| 19:01 | Queue | Villager (Male) |
| 19:02 | Queue | Villager (Male) |
| 19:04 | Build | Farm |
| 19:08 | Build | Mill |
| 19:13 | Build | Farm |
| 19:17 | Build | Farm |
| 19:24 | Queue | Villager (Male) |
| 19:24 | Queue | Villager (Male) |
| 19:24 | Queue | Villager (Male) |
| 19:25 | Queue | Villager (Male) |
| 19:27 | Build | House |
Build order — CeCa_Mascherano014
First 150 of 437 actions detected
| 0:11 | Research | Loom |
| 0:11 | Queue | Villager (Male) |
| 0:12 | Queue | Villager (Male) |
| 0:12 | Queue | Villager (Male) |
| 0:13 | Queue | Villager (Male) |
| 0:16 | Build | House |
| 0:18 | Build | House |
| 0:22 | Build | House |
| 0:26 | Build | House |
| 0:55 | Queue | Villager (Male) |
| 0:55 | Queue | Villager (Male) |
| 0:56 | Queue | Villager (Male) |
| 1:37 | Queue | Villager (Male) |
| 1:37 | Queue | Villager (Male) |
| 1:56 | Queue | Villager (Male) |
| 1:57 | Queue | Villager (Male) |
| 2:20 | Queue | Villager (Male) |
| 2:20 | Queue | Villager (Male) |
| 2:37 | Queue | Villager (Male) |
| 2:38 | Queue | Villager (Male) |
| 2:49 | Queue | Villager (Male) |
| 2:49 | Queue | Villager (Male) |
| 3:02 | Queue | Villager (Male) |
| 3:02 | Queue | Villager (Male) |
| 3:12 | Queue | Villager (Male) |
| 3:13 | Queue | Villager (Male) |
| 3:38 | Queue | Villager (Male) |
| 3:39 | Queue | Villager (Male) |
| 3:52 | Queue | Villager (Male) |
| 3:53 | Queue | Villager (Male) |
| 4:15 | Queue | Villager (Male) |
| 4:16 | Queue | Villager (Male) |
| 4:29 | Queue | Villager (Male) |
| 4:34 | Queue | Villager (Male) |
| 4:34 | Queue | Villager (Male) |
| 4:45 | Build | Lumber Camp |
| 5:01 | Queue | Villager (Male) |
| 5:02 | Queue | Villager (Male) |
| 5:05 | Queue | Villager (Male) |
| 5:06 | Queue | Villager (Male) |
| 5:15 | Build | Mining Camp |
| 5:30 | Queue | Villager (Male) |
| 5:31 | Queue | Villager (Male) |
| 5:38 | Queue | Villager (Male) |
| 5:39 | Queue | Villager (Male) |
| 6:03 | Queue | Villager (Male) |
| 6:04 | Queue | Villager (Male) |
| 6:12 | Queue | Villager (Male) |
| 6:12 | Queue | Villager (Male) |
| 6:29 | Build | Mill |
| 6:34 | Queue | Villager (Male) |
| 6:34 | Queue | Villager (Male) |
| 6:41 | Build | House |
| 6:42 | Build | House |
| 6:44 | Queue | Villager (Male) |
| 6:45 | Queue | Villager (Male) |
| 7:03 | Queue | Villager (Male) |
| 7:03 | Queue | Villager (Male) |
| 7:16 | Queue | Villager (Male) |
| 7:17 | Queue | Villager (Male) |
| 7:36 | Queue | Villager (Male) |
| 7:37 | Queue | Villager (Male) |
| 7:51 | Queue | Villager (Male) |
| 7:51 | Queue | Villager (Male) |
| 7:52 | Queue | Villager (Male) |
| 8:02 | Queue | Villager (Male) |
| 8:02 | Queue | Villager (Male) |
| 8:02 | Queue | Villager (Male) |
| 8:10 | Build | House |
| 8:13 | Build | Palisade Wall |
| 8:14 | Build | House |
| 8:19 | Queue | Villager (Male) |
| 8:19 | Queue | Villager (Male) |
| 8:34 | Queue | Villager (Male) |
| 8:34 | Queue | Villager (Male) |
| 8:35 | Queue | Villager (Male) |
| 8:35 | Queue | Villager (Male) |
| 8:35 | Queue | Villager (Male) |
| 8:36 | Queue | Villager (Male) |
| 8:36 | Queue | Villager (Male) |
| 8:59 | Queue | Villager (Male) |
| 9:00 | Queue | Villager (Male) |
| 9:39 | Research | Feudal Age |
| 10:03 | Build | Palisade Gate |
| 10:10 | Queue | Villager (Male) |
| 10:10 | Queue | Villager (Male) |
| 10:15 | Build | Mining Camp |
| 10:24 | Queue | Villager (Male) |
| 10:25 | Queue | Villager (Male) |
| 11:00 | Queue | Villager (Male) |
| 11:00 | Queue | Villager (Male) |
| 11:11 | Build | Barracks |
| 11:29 | Queue | Villager (Male) |
| 11:29 | Queue | Villager (Male) |
| 11:43 | Queue | Villager (Male) |
| 11:44 | Queue | Villager (Male) |
| 11:49 | Age | Feudal Age |
| 11:59 | Build | Watch Tower |
| 12:02 | Build | Blacksmith |
| 12:14 | Queue | Villager (Male) |
| 12:14 | Queue | Villager (Male) |
| 12:18 | Build | House |
| 12:23 | Research | Town Watch |
| 12:26 | Research | Wheelbarrow |
| 12:27 | Research | Wheelbarrow |
| 12:27 | Research | Double-Bit Axe |
| 12:27 | Research | Double-Bit Axe |
| 12:34 | Build | Watch Tower |
| 12:36 | Queue | Villager (Male) |
| 12:36 | Queue | Villager (Male) |
| 12:36 | Queue | Villager (Male) |
| 12:55 | Queue | Villager (Male) |
| 12:56 | Queue | Villager (Male) |
| 13:05 | Queue | Villager (Male) |
| 13:05 | Queue | Villager (Male) |
| 13:12 | Build | Mill |
| 13:21 | Queue | Villager (Male) |
| 13:21 | Queue | Villager (Male) |
| 13:31 | Build | Watch Tower |
| 13:40 | Queue | Villager (Male) |
| 13:40 | Queue | Villager (Male) |
| 14:01 | Build | Market |
| 14:19 | Build | Watch Tower |
| 14:27 | Research | Fletching |
| 14:37 | Build | House |
| 14:39 | Build | House |
| 14:40 | Build | House |
| 15:01 | Queue | Villager (Male) |
| 15:01 | Queue | Villager (Male) |
| 15:11 | Research | Castle Age |
| 15:22 | Build | Mining Camp |
| 15:50 | Build | Mill |
| 16:02 | Research | Gold Mining |
| 16:02 | Research | Gold Mining |
| 16:04 | Research | Padded Archer Armor |
| 16:13 | Queue | Villager (Male) |
| 16:13 | Queue | Villager (Male) |
| 16:13 | Queue | Villager (Male) |
| 16:15 | Queue | Villager (Male) |
| 16:26 | Build | Mining Camp |
| 16:38 | Research | Stone Mining |
| 16:42 | Queue | Villager (Male) |
| 16:42 | Queue | Villager (Male) |
| 16:42 | Queue | Villager (Male) |
| 16:43 | Queue | Villager (Male) |
| 16:53 | Build | Watch Tower |
| 16:59 | Queue | Villager (Male) |
| 17:07 | Queue | Villager (Male) |
| 17:07 | Queue | Villager (Male) |
| 17:11 | Research | Horse Collar |
Build order — SeiyaPegasus
First 150 of 452 actions detected
| 0:09 | Queue | Villager (Male) |
| 0:12 | Build | House |
| 0:13 | Build | House |
| 0:16 | Queue | Villager (Male) |
| 0:17 | Queue | Villager (Male) |
| 0:33 | Queue | Villager (Male) |
| 1:10 | Research | Loom |
| 1:11 | Research | Loom |
| 1:18 | Queue | Villager (Male) |
| 1:36 | Queue | Villager (Male) |
| 1:46 | Queue | Villager (Male) |
| 2:01 | Queue | Villager (Male) |
| 2:23 | Queue | Villager (Male) |
| 2:24 | Queue | Villager (Male) |
| 2:43 | Build | House |
| 2:45 | Build | House |
| 2:46 | Build | House |
| 2:50 | Queue | Villager (Male) |
| 2:57 | Queue | Villager (Male) |
| 2:58 | Queue | Villager (Male) |
| 3:16 | Build | Lumber Camp |
| 3:22 | Queue | Villager (Male) |
| 3:22 | Queue | Villager (Male) |
| 3:49 | Queue | Villager (Male) |
| 4:12 | Queue | Villager (Male) |
| 4:13 | Queue | Villager (Male) |
| 4:13 | Queue | Villager (Male) |
| 4:17 | Queue | Villager (Male) |
| 4:34 | Queue | Villager (Male) |
| 4:59 | Queue | Villager (Male) |
| 5:17 | Build | House |
| 5:17 | Build | House |
| 5:19 | Queue | Villager (Male) |
| 5:22 | Queue | Villager (Male) |
| 5:32 | Build | House |
| 5:55 | Queue | Villager (Male) |
| 6:01 | Queue | Villager (Male) |
| 6:21 | Build | House |
| 6:25 | Queue | Villager (Male) |
| 6:30 | Build | Mining Camp |
| 6:34 | Queue | Villager (Male) |
| 6:47 | Queue | Villager (Male) |
| 6:54 | Queue | Villager (Male) |
| 7:06 | Queue | Villager (Male) |
| 7:16 | Build | Mill |
| 7:28 | Research | Feudal Age |
| 7:29 | Research | Feudal Age |
| 7:39 | Queue | Villager (Male) |
| 7:57 | Build | Mining Camp |
| 8:02 | Queue | Villager (Male) |
| 8:29 | Queue | Villager (Male) |
| 8:52 | Build | Palisade Wall |
| 8:54 | Build | Palisade Wall |
| 8:58 | Build | Palisade Gate |
| 9:00 | Build | House |
| 9:02 | Build | Palisade Wall |
| 9:11 | Queue | Villager (Male) |
| 9:18 | Build | Mining Camp |
| 9:36 | Queue | Villager (Male) |
| 9:38 | Age | Feudal Age |
| 9:54 | Build | Blacksmith |
| 10:04 | Queue | Villager (Male) |
| 10:05 | Queue | Villager (Male) |
| 10:16 | Queue | Villager (Male) |
| 10:36 | Queue | Villager (Male) |
| 10:37 | Queue | Villager (Male) |
| 10:54 | Build | Market |
| 10:57 | Queue | Villager (Male) |
| 10:57 | Queue | Villager (Male) |
| 11:36 | Research | Castle Age |
| 11:39 | Queue | Villager (Male) |
| 11:59 | Research | Double-Bit Axe |
| 11:59 | Research | Double-Bit Axe |
| 11:59 | Research | Double-Bit Axe |
| 12:02 | Queue | Villager (Male) |
| 12:24 | Build | House |
| 12:25 | Build | House |
| 12:33 | Research | Gold Mining |
| 12:33 | Research | Gold Mining |
| 12:34 | Research | Stone Mining |
| 12:34 | Research | Stone Mining |
| 13:02 | Research | Fletching |
| 13:02 | Research | Fletching |
| 13:05 | Queue | Villager (Male) |
| 13:25 | Build | House |
| 13:28 | Build | House |
| 14:18 | Queue | Villager (Male) |
| 14:21 | Build | House |
| 14:24 | Age | Castle Age |
| 14:32 | Build | Castle |
| 14:34 | Research | Bodkin Arrow |
| 14:35 | Research | Bodkin Arrow |
| 14:36 | Queue | Villager (Male) |
| 14:56 | Queue | Villager (Male) |
| 15:06 | Research | Bow Saw |
| 15:06 | Research | Bow Saw |
| 15:07 | Queue | Villager (Male) |
| 15:11 | Build | Town Center |
| 15:12 | Queue | Villager (Male) |
| 15:21 | Queue | Villager (Male) |
| 15:23 | Queue | Villager (Male) |
| 15:53 | Build | Castle |
| 15:56 | Queue | Villager (Male) |
| 16:01 | Queue | Villager (Male) |
| 16:05 | Build | Mill |
| 16:07 | Queue | Camel Archer |
| 16:14 | Build | Barracks |
| 16:17 | Queue | Camel Archer |
| 16:18 | Queue | Camel Archer |
| 16:19 | Queue | Villager (Male) |
| 16:25 | Build | Mill |
| 16:34 | Queue | Villager (Male) |
| 16:40 | Queue | Villager (Male) |
| 16:41 | Queue | Villager (Male) |
| 16:42 | Queue | Camel Archer |
| 16:50 | Queue | Camel Archer |
| 16:56 | Build | Farm |
| 16:58 | Build | Farm |
| 17:04 | Build | Farm |
| 17:13 | Build | Stable |
| 17:28 | Queue | Camel Archer |
| 17:29 | Queue | Camel Archer |
| 17:37 | Build | House |
| 17:40 | Build | House |
| 17:49 | Queue | Camel Archer |
| 17:54 | Build | Farm |
| 17:55 | Build | Farm |
| 17:55 | Queue | Villager (Male) |
| 17:56 | Queue | Villager (Male) |
| 18:12 | Build | Town Center |
| 18:14 | Queue | Villager (Male) |
| 18:15 | Queue | Villager (Male) |
| 18:36 | Build | Mining Camp |
| 18:38 | Research | Bloodlines |
| 18:39 | Research | Bloodlines |
| 18:39 | Research | Husbandry |
| 18:39 | Research | Husbandry |
| 18:43 | Queue | Camel Archer |
| 18:45 | Queue | Villager (Male) |
| 18:45 | Queue | Villager (Male) |
| 18:47 | Queue | Camel Archer |
| 19:04 | Queue | Camel Archer |
| 19:15 | Queue | Camel Archer |
| 19:17 | Queue | Villager (Male) |
| 19:17 | Queue | Villager (Male) |
| 19:22 | Queue | Camel Archer |
| 19:23 | Queue | Camel Archer |
| 19:33 | Queue | Villager (Male) |
| 19:37 | Build | Mill |
| 19:38 | Queue | Villager (Male) |
Match timeline
| 7:16 | UOMOdelFORMAGGIO · wall_segment Palisade Wall x5 |
| 7:24 | ITA | CivettaAviotrasportata · wall_segment Palisade Wall x4 |
| 7:24 | UOMOdelFORMAGGIO · wall_segment Palisade Wall x5 |
| 7:26 | UOMOdelFORMAGGIO · wall_segment Palisade Wall x5 |
| 8:01 | UOMOdelFORMAGGIO · first_building Barracks |
| 8:13 | CeCa_Mascherano014 · wall_segment Palisade Wall x5 |
| 8:17 | UBERstrats · wall_segment Palisade Wall x8 |
| 8:31 | ITA | Carma IV · first_building Barracks |
| 8:34 | Exe.K>K · first_building Barracks |
| 8:50 | UOMOdelFORMAGGIO · age_up feudal |
| 8:52 | SeiyaPegasus · wall_segment Palisade Wall x3 |
| 8:54 | SeiyaPegasus · wall_segment Palisade Wall x5 |
| 8:59 | Exe.K>K · age_up feudal |
| 9:02 | SeiyaPegasus · wall_segment Palisade Wall x3 |
| 9:07 | ITA | CivettaAviotrasportata · first_building Barracks |
| 9:15 | ITA | Carma IV · age_up feudal |
| 9:22 | ITA | Carma IV · first_building Stable |
| 9:30 | UBERstrats · wall_segment Palisade Wall x11 |
| 9:38 | SeiyaPegasus · age_up feudal |
| 9:39 | UOMOdelFORMAGGIO · first_building Archery Range |
| 9:45 | Exe.K>K · first_building Stable |
| 9:53 | Ux'LeonzAoe · wall_segment Palisade Wall x1 |
| 9:54 | Ux'LeonzAoe · wall_segment Palisade Wall x1 |
| 9:55 | Ux'LeonzAoe · wall_segment Palisade Wall x1 |
| 9:58 | Ux'LeonzAoe · wall_segment Palisade Wall x4 |
| 10:11 | UBERstrats · age_up feudal |
| 11:01 | Exe.K>K · wall_segment Palisade Wall x2 |
| 11:11 | CeCa_Mascherano014 · first_building Barracks |
| 11:15 | UOMOdelFORMAGGIO · wall_segment Palisade Wall x1 |
| 11:21 | Ux'LeonzAoe · age_up feudal |
| 11:23 | UOMOdelFORMAGGIO · wall_segment Palisade Wall x1 |
| 11:30 | SeiyaPegasus · first_market_sell 100 wood |
| 11:34 | UBERstrats · first_building Barracks |
| 11:49 | CeCa_Mascherano014 · age_up feudal |
| 12:07 | UBERstrats · first_market_buy 100 food |
| 12:11 | UBERstrats · first_market_sell 100 wood |
| 12:13 | ITA | CivettaAviotrasportata · age_up feudal |
| 12:17 | ITA | CivettaAviotrasportata · first_building Archery Range |
| 12:26 | UBERstrats · first_building Archery Range |
| 12:37 | UBERstrats · wall_segment Palisade Wall x1 |
| 12:40 | UBERstrats · wall_segment Palisade Wall x1 |
| 12:42 | UBERstrats · wall_segment Palisade Wall x1 |
| 12:44 | UBERstrats · wall_segment Palisade Wall x1 |
| 12:52 | UBERstrats · wall_segment Palisade Wall x1 |
| 12:54 | UBERstrats · wall_segment Palisade Wall x1 |
| 12:55 | Exe.K>K · wall_segment Palisade Wall x6 |
| 12:56 | UBERstrats · wall_segment Palisade Wall x1 |
| 12:58 | UBERstrats · wall_segment Palisade Wall x1 |
| 13:31 | Exe.K>K · first_market_buy 100 food |
| 13:45 | Exe.K>K · age_up castle |
| 14:24 | SeiyaPegasus · age_up castle |
| 14:24 | Exe.K>K · wall_segment Palisade Wall x1 |
| 14:28 | Exe.K>K · wall_segment Palisade Wall x1 |
| 14:30 | Exe.K>K · wall_segment Palisade Wall x1 |
| 14:31 | Exe.K>K · wall_segment Palisade Wall x1 |
| 14:32 | SeiyaPegasus · first_building Castle |
| 14:38 | UBERstrats · wall_segment Stone Wall x4 |
| 14:52 | UBERstrats · age_up castle |
| 14:57 | Ux'LeonzAoe · age_up castle |
| 15:20 | Ux'LeonzAoe · first_building Castle |
| 15:51 | Exe.K>K · wall_segment Palisade Wall x1 |
| 16:12 | CeCa_Mascherano014 · first_market_buy 100 food |
| 16:14 | SeiyaPegasus · first_building Barracks |
| 16:21 | ITA | CivettaAviotrasportata · age_up castle |
| 16:34 | Ux'LeonzAoe · first_market_buy 100 stone |
| 16:36 | ITA | CivettaAviotrasportata · first_building Monastery |
| 16:36 | Exe.K>K · first_building Castle |
| 16:42 | UOMOdelFORMAGGIO · first_market_buy 100 food |
| 16:55 | Ux'LeonzAoe · first_building Monastery |
| 17:13 | SeiyaPegasus · first_building Stable |
| 17:40 | Exe.K>K · first_market_sell 100 stone |
| 17:51 | CeCa_Mascherano014 · age_up castle |
| 17:57 | Ux'LeonzAoe · first_building Barracks |
| 18:27 | CeCa_Mascherano014 · first_building Castle |
| 18:33 | CeCa_Mascherano014 · first_building Monastery |
| 18:34 | ITA | CivettaAviotrasportata · first_market_sell 100 food |
| 18:53 | Ux'LeonzAoe · first_building Stable |
| 19:00 | ITA | Carma IV · age_up castle |
| 19:27 | UOMOdelFORMAGGIO · age_up castle |
| 19:44 | UOMOdelFORMAGGIO · first_building Siege Workshop |
| 20:02 | ITA | CivettaAviotrasportata · first_market_buy 100 stone |
| 20:07 | SeiyaPegasus · first_market_buy 100 food |
| 21:44 | CeCa_Mascherano014 · first_building Siege Workshop |
| 24:10 | ITA | Carma IV · first_building Castle |
| 24:30 | UOMOdelFORMAGGIO · first_building Castle |
| 24:36 | SeiyaPegasus · first_building Archery Range |
| 25:56 | Ux'LeonzAoe · first_market_sell 500 wood |
| 26:17 | ITA | Carma IV · first_market_buy 100 food |
| 26:28 | CeCa_Mascherano014 · first_market_sell 500 wood |
| 26:36 | UBERstrats · first_building Monastery |
| 27:55 | UBERstrats · first_building Castle |
| 28:22 | UOMOdelFORMAGGIO · first_market_sell 100 wood |
| 28:23 | Exe.K>K · age_up imperial |
| 29:30 | ITA | Carma IV · first_building Dock |
| 29:42 | SeiyaPegasus · age_up imperial |
| 30:00 | Ux'LeonzAoe · age_up imperial |
| 30:13 | CeCa_Mascherano014 · age_up imperial |
| 31:20 | UBERstrats · age_up imperial |
| 31:53 | UBERstrats · first_building Siege Workshop |
| 32:34 | UOMOdelFORMAGGIO · age_up imperial |
| 33:50 | CeCa_Mascherano014 · tribute_sent a jugador 1 |
| 33:50 | CeCa_Mascherano014 · tribute_sent a jugador 2 |
| 33:50 | CeCa_Mascherano014 · tribute_sent a jugador 3 |
| 33:50 | CeCa_Mascherano014 · tribute_sent a jugador 4 |
| 33:50 | CeCa_Mascherano014 · tribute_sent a jugador 5 |
| 33:50 | CeCa_Mascherano014 · tribute_sent a jugador 7 |
| 33:50 | CeCa_Mascherano014 · tribute_sent a jugador 8 |
| 33:53 | ITA | CivettaAviotrasportata · first_building Stable |
| 35:25 | Ux'LeonzAoe · tribute_sent a jugador 1 |
| 35:25 | Ux'LeonzAoe · tribute_sent a jugador 2 |
| 35:25 | Ux'LeonzAoe · tribute_sent a jugador 3 |
| 35:25 | Ux'LeonzAoe · tribute_sent a jugador 4 |
| 35:25 | Ux'LeonzAoe · tribute_sent a jugador 6 |
| 35:25 | Ux'LeonzAoe · tribute_sent a jugador 7 |
| 35:25 | Ux'LeonzAoe · tribute_sent a jugador 8 |
| 35:34 | CeCa_Mascherano014 · first_building Stable |
| 37:24 | Ux'LeonzAoe · tribute_sent a jugador 1 |
| 37:24 | Ux'LeonzAoe · tribute_sent a jugador 2 |
| 37:24 | Ux'LeonzAoe · tribute_sent a jugador 3 |
| 37:24 | Ux'LeonzAoe · tribute_sent a jugador 4 |
| 37:24 | Ux'LeonzAoe · tribute_sent a jugador 6 |
| 37:24 | Ux'LeonzAoe · tribute_sent a jugador 7 |
| 37:24 | Ux'LeonzAoe · tribute_sent a jugador 8 |
| 37:47 | Exe.K>K · resign |
[ AI ANALYSIS · 1 CREDIT ]
What really happened in this match?
Wolo.gg analyzes every decision: build order, eco, micro, common mistakes by bracket. Personalized analysis on WhatsApp or Discord in 30 seconds.
Civ guide
Malians
Perfil
Jugador #25808322